 Dungeon Crawl Stone Soup version 0.26-a0-1033-gd598b01645 (webtiles) character file.

Game seed: 6109383514248517626

319 Maimakterion the Magician (level 6, 0/35 HPs)
             Began as a Deep Elf Fire Elementalist on Dec 10, 2020.
             Slain by an orc (3 damage)
             ... on level 3 of the Dungeon.
             The game lasted 00:04:13 (3094 turns).

Maimakterion the Magician (DEFE)                    Turns: 3094, Time: 00:04:13

Health: 0/35       AC:  2    Str:  5    XL:     6   Next: 21%
Magic:  11/16      EV: 14    Int: 28    God:
Gold:   179        SH:  0    Dex: 15    Spells: 3/16 levels left

rFire    + . .     SeeInvis .   o - +0 lajatang
rCold    . . .     Faith    .   (shield currently unavailable)
rNeg     . . .     Spirit   .   a - +0 robe
rPois    .         Reflect  .   (no helmet)
rElec    .         Harm     .   (no cloak)
rCorr    .         Rampage  .   (no gloves)
Will     .....                  (no boots)
Stlth    ++........             (no amulet)
HPRegen  0.11/turn              g - ring of protection from fire
MPRegen  0.15/turn              d - +6 ring of intelligence

@: lethally poisoned (0 -> -4)
A: no striking features
a: no special abilities


You were on level 3 of the Dungeon.
You visited 1 branch of the dungeon, and saw 3 of its levels.

You collected 179 gold pieces.

Inventory:

Hand Weapons
 o - a +0 lajatang (weapon)
Armour
 a - a +0 robe (worn)
Jewellery
 d - a +6 ring of intelligence (right hand)
 g - a ring of protection from fire (left hand)
Scrolls
 e - a scroll of immolation
 f - 2 scrolls of amnesia {unknown}
 h - 3 scrolls of fog {unknown}
 j - a scroll of random uselessness {unknown}
 k - a scroll of identify
 m - a scroll of teleportation {unknown}
Potions
 b - a potion of might {unknown}
 c - a potion of brilliance
 i - 3 potions of mutation
 l - a potion of lignification {unknown}
 n - 2 potions of flight {unknown}


   Skills:
 + Level 1.8 Fighting
 + Level 3.9 Dodging
 - Level 2.4 Stealth
 * Level 5.7 Spellcasting
 + Level 2.8 Conjurations
 + Level 4.2 Fire Magic


You had 3 spell levels left.
You knew the following spells:

 Your Spells              Type           Power        Failure   Level
a - Foxfire               Conj/Fire      ####         1%          1
c - Conjure Flame         Conj/Fire      ####....     4%          3
d - Sticky Flame          Conj/Fire      ####....     14%         4
e - Fireball              Conj/Fire      ####......   38%         5

Your spell library contained the following spells:

 Spells                   Type           Power        Failure   Level
 Inner Flame              Hex/Fire       ###.....     8%          3


Dungeon Overview and Level Annotations

Branches:
Dungeon (3/15)

Altars:


Message History

Okay, then.
Casting: Foxfire (safe; 1% risk of failure)
Press: ? - help, Q - select action, (/) - cycle Dir - look around You conjure some foxfire!
The adder bites you.
* * * LOW HITPOINT WARNING * * *
The adder bites you but does no damage.
You take 1 damage, and have 6/35 hp.
You now have 10/16 mp.
Casting: Foxfire (safe; 1% risk of failure)
Press: ? - help, Q - select action, (/) - cycle Dir - look around
Okay, then.
You barely miss the adder.
The adder is severely wounded.
You feel sick.
The foxfire hits the adder.
You kill the adder!
You take 1 damage, and have 5/35 hp.
You closely miss the orc. The orc hits you.
* * * LOW HITPOINT WARNING * * *
The orc hits you.
You die...

########### #############
#....#....###..o........#
..##...#....#.####.#$#..#
..##.....##.#..o@#.?#
.....##..##.####†#....
..#..##..........######
##################
####### ......# ......#


You could see an orc.

Vanquished Creatures
  An ogre (D:2)
  Natasha (thrice) (D:3)
  An iguana (D:3)
  7 adders
  2 oozes
  3 dart slugs
  2 leopard geckos
  6 orcs (D:3)
  4 giant cockroaches
  2 goblins (D:1)
  5 hobgoblins
  6 kobolds
  A quokka (D:2)
  2 ball pythons (D:3)
  12 bats
  3 frilled lizards
  2 rats
62 creatures vanquished.

Vanquished Creatures (others)
  247 foxfires
  A plant (D:3)
248 creatures vanquished.

Grand Total: 310 creatures vanquished

Notes
Turn   | Place    | Note
-------+----------+-------------------------------------------
     0 | D:1      | Maimakterion the Deep Elf Fire Elementalist began the quest
                  | for the Orb.
     0 | D:1      | Reached XP level 1. HP: 10/10 MP: 6/6
   358 | D:1      | Reached XP level 2. HP: 15/15 MP: 4/8
   827 | D:1      | Reached XP level 3. HP: 18/20 MP: 3/10
   832 | D:1      | Learned a level 3 spell: Conjure Flame
  1322 | D:2      | Reached skill level 4 in Spellcasting
  1431 | D:2      | Reached skill level 1 in Fighting
  1468 | D:2      | Reached XP level 4. HP: 19/25 MP: 9/12
  2032 | D:2      | Noticed an ogre
  2041 | D:2      | Killed an ogre
  2042 | D:2      | Reached skill level 5 in Spellcasting
  2042 | D:2      | Reached XP level 5. HP: 29/29 MP: 9/14
  2047 | D:2      | Learned a level 4 spell: Sticky Flame
  2728 | D:3      | Learned a level 5 spell: Fireball
  2837 | D:3      | Noticed Natasha
  2845 | D:3      | Killed Natasha
  2856 | D:3      | Noticed Natasha
  2862 | D:3      | Killed Natasha
  2863 | D:3      | Reached XP level 6. HP: 33/35 MP: 6/16
  2928 | D:3      | Noticed Natasha
  2935 | D:3      | Killed Natasha
  3094 | D:3      | Slain by an orc

Illustrated notes

Levels and vault maps discovered:
D:1:      dpeg_arrival_water_fire, layout_rooms
D:2:      layout_loops_ring, kennysheep_generic_room_5
D:3:      minmay_thinvault, layout_basic, columned_hall_lemuel,
          chequers_serial_rivers_micro_e, dk_vineyard_2,
          minmay_shallow_snake_nest, uniq_natasha

Skill      XL: |  1  2  3  4  5 |
---------------+----------------+-----
Dodging        | 3 |  3.9
Spellcasting   | 4 5 |  5.7
Fighting       | 1 |  1.8
Conjurations   | 2 |  2.8
Fire Magic     | 4 |  4.2
Stealth        | |  2.4

Action                   |  1- 3 |  4- 6 || total
-------------------------+-------+-------++-------
Melee: Unarmed           |    15 |     7 ||    22
       Lajatang          |       |     6 ||     6
 Cast: Foxfire           |    72 |    99 ||   171
  Use: Scroll            |     3 |       ||     3
Armor: Robe              |     7 |     3 ||    10
Dodge: Dodged            |    32 |    28 ||    60

Table legend: (Time is in decaauts)
 A = Elapsed time spent in this place.
 B = Non-inter-level travel time spent in this place.
 C = Inter-level travel time spent in this place.
 D = Time resting spent in this place.
 E = Time spent auto-exploring this place.
 F = Levels seen in this place.
 G = Mean time per level.
                   A        B        C        D        E       F      G
               +--------+--------+--------+--------+--------+-----+--------+
         Total |   3095 |   3043 |     52 |    107 |   2468 |   3 | 1031.7 |
       Dungeon |   3095 |   3043 |     52 |    107 |   2468 |   3 | 1031.7 |
               +--------+--------+--------+--------+--------+-----+--------+

Top non-repeatable levels by time:
     D:2: 1191 daAuts
     D:1: 1107 daAuts
     D:3: 797 daAuts
